 Dungeon Crawl Stone Soup version 0.27.1-1-g398f81649c (webtiles) character file.

Game seed: 15012896851885378027

198 funkygono the Firebug (level 5, -7/28 HPs)
             Began as a Gargoyle Fire Elementalist on Sept 21, 2021.
             Mangled by a gnoll (10 damage)
             ... on level 3 of the Dungeon.
             The game lasted 00:05:21 (3433 turns).

funkygono the Firebug (Gargoyle Fire Elementalist)  Turns: 3433, Time: 00:05:22

Health: -7/28      AC:  7    Str: 11    XL:     5   Next: 77%
Magic:  6/9        EV: 12    Int: 17    God:
Gold:   81         SH:  0    Dex: 10    Spells: 2/10 levels left

rFire    . . .     SeeInvis .   f - +0 whip
rCold    . . .     Faith    .   (no shield)
rNeg     + . .     Spirit   .   a - +0 robe
rPois    ∞         Reflect  .   e - +0 helmet
rElec    +         Harm     .   (no cloak)
rCorr    .         Rampage  .   (no gloves)
Will     .....                  (no boots)
Stlth    ++........             i - amulet of the acrobat
HPRegen  0.09/turn              (no ring)
MPRegen  0.11/turn              (no ring)

@: no status effects
A: sickness immunity, AC +4, negative energy resistance 1, electricity
resistance, torment resistance 1, petrification resistance
a: no special abilities


You were on level 3 of the Dungeon.
You visited 1 branch of the dungeon, and saw 3 of its levels.

You collected 81 gold pieces.

Inventory:

Hand Weapons
 b - a +1 club
 f - a +0 whip (weapon)
Missiles
 h - 45 stones
Armour
 a - a +0 robe (worn)
 d - a +0 buckler
 e - a +0 helmet (worn)
 k - a +2 ring mail of fire resistance
Jewellery
 i - an amulet of the acrobat (around neck)
Potions
 c - 2 potions of might
 g - a potion of lignification {unknown}
 l - a potion of mutation
 o - a potion of attraction


   Skills:
 + Level 0.1 Maces & Flails
 + Level 1.9 Dodging
 - Level 2.1 Stealth
 * Level 3.2 Spellcasting
 * Level 3.1 Conjurations
 * Level 4.5 Fire Magic


You had 2 spell levels left.
You knew the following spells:

 Your Spells              Type           Power      Damage    Failure   Level
a - Foxfire               Conj/Fire      60%        2x1d7     3%          1
b - Conjure Flame         Conj/Fire      15%        6-21      11%         3
c - Sticky Flame          Conj/Fire      15%        2d4       34%         4

Your spell library contained the following spells:

 Spells                   Type           Power      Damage    Failure   Level
 Inner Flame              Hex/Fire       10%        N/A       21%         3
 Fireball                 Conj/Fire      7%         3d5       69%         5


Dungeon Overview and Level Annotations

Branches:
Dungeon (3/15)

Altars:

Shops:
D:2 (


Innate Abilities, Weirdness & Mutations

You are immune to sickness and miasma.
Your stone body is resilient. (AC +4)
You are immune to poison.
You resist negative energy. (rN+)
You are resistant to electric shocks. (rElec)
You are resistant to unholy torment.
You are immune to petrification.


Message History

The orc priest closely misses you.
Casting: Foxfire (safe; 3% risk of failure)
Confirm with . or Enter, or press ? or * to list all spells.
You conjure some foxfire!
The orc hits you from afar with a +0 trident.
Something hits you but does no damage.
The orc priest hits you but does no damage.
Unknown command.
The foxfire hits the orc priest.
The orc priest is lightly wounded.
The foxfire hits the gnoll.
The gnoll is heavily wounded.
A kobold comes into view. It is wielding a +0 short sword.
A kobold comes into view. It is wielding a +0 dagger.
The orc misses you.
You hear some strange, mumbled words.
Something tries to affect you, but you resist.
The orc priest completely misses you.
The orc priest calls down the wrath of Beogh upon you.
Beogh smites you! The gnoll completely misses you.
The orc priest hits you but does no damage.
The gnoll completely misses you.
Casting: Foxfire (safe; 3% risk of failure)
Confirm with . or Enter, or press ? or * to list all spells.
You conjure some foxfire!
The foxfire hits the orc priest.
The orc priest is lightly wounded.
The gnoll hits you from afar with a +0 halberd!
* * * LOW HITPOINT WARNING * * *
Your magical contamination has completely faded away.
Found a stone staircase leading up.
The foxfire hits the orc!
You kill the orc!
The kobold throws a stone.
The stone misses you.
An endoplasm comes into view.
Found a book of Necromancy.
The endoplasm quivers.
There is a stone staircase leading up here.
The orc priest closely misses you.
The gnoll hits you from afar with a +0 halberd!
You die...

##..#.. .. #:....##.#
........# ....#..
.....# # ....# #...#
#@..# ## #.o.# .#
#..g####### # .#
###.........##.# .###
........K...).#.##
....
..........J.......# .#
...............#......
.# ###.....#####.##
.##.# .# #.#.... ...#
..


You could see an orc priest, a gnoll, an endoplasm and a kobold.

Vanquished Creatures
  Natasha (thrice) (D:2)
  Terence (D:2)
  Robin (D:2)
  A gnoll (D:1)
  An adder (D:2)
  2 worms (D:2)
  A dart slug (D:1)
  An orc (D:3)
  3 ball pythons
  5 endoplasms
  2 giant cockroaches (D:1)
  13 goblins
  6 hobgoblins (D:2)
  6 jackals
  5 kobolds
  A quokka (D:2)
  A bat (D:1)
  2 rats
55 creatures vanquished.

Vanquished Creatures (others)
  184 foxfires
184 creatures vanquished.

Grand Total: 239 creatures vanquished

Notes
Turn   | Place    | Note
-------+----------+-------------------------------------------
     0 | D:1      | funkygono the Gargoyle Fire Elementalist began the quest
                  | for the Orb.
     0 | D:1      | Reached XP level 1. HP: 10/10 MP: 3/3
     0 | D:1      | Noticed a minotaur zombie
     0 | D:1      | Noticed a merfolk zombie
    66 | D:1      | Found a faded altar of an unknown god.
   314 | D:1      | Reached XP level 2. HP: 15/15 MP: 1/5
   880 | D:1      | Reached XP level 3. HP: 19/19 MP: 2/6
   917 | D:1      | Learned a level 3 spell: Conjure Flame
  1835 | D:2      | Noticed Robin
  1869 | D:2      | Killed Robin
  1870 | D:2      | Reached XP level 4. HP: 23/24 MP: 0/7
  1965 | D:2      | Reached skill level 4 in Fire Magic
  2422 | D:2      | Noticed Terence
  2436 | D:2      | Killed Terence
  2626 | D:2      | Found Fone Laci's Antique Weapon Shop.
  2644 | D:2      | Noticed Natasha
  2656 | D:2      | Killed Natasha
  2657 | D:2      | Reached XP level 5. HP: 28/28 MP: 3/9
  2668 | D:2      | Noticed Natasha
  2673 | D:2      | Killed Natasha
  3080 | D:2      | Noticed Natasha
  3095 | D:2      | Killed Natasha
  3372 | D:2      | Learned a level 4 spell: Sticky Flame
  3433 | D:3      | Mangled by a gnoll

Illustrated notes

Levels and vault maps discovered:
D:1:      shiori_arrival_whats_in_store_for_you, layout_basic, serial_forest,
          infiniplex_forest_lined_2, infiniplex_forest_lined_3_way,
          infiniplex_forest_lined_room_2, infiniplex_forest_lined_4_way,
          infiniplex_forest_end_3, hellmonk_ecumenical_altar_crossroads,
          minmay_misc_feat_diagonals, amcnicky_mini_corridor_feature
D:2:      layout_loops_ring, serial_shops, shop, minmay_goblin_kobold_house,
          uniq_robin, uniq_terence, uniq_natasha
D:3:      minmay_diamond_boxcup, layout_loops_cross, st_stairs_9, uniq_sigmund

Skill      XL: |  1  2  3  4  5 |
---------------+----------------+-----
Conjurations   | 2 3 |  3.1
Fire Magic     | 4 |  4.5
Spellcasting   | 3 |  3.2
Maces & Flails | |  0.1
Dodging        | |  1.9
Stealth        | |  2.1

Action                   |  1- 3 |  4- 6 || total
-------------------------+-------+-------++-------
Melee: Club              |    10 |     9 ||    19
       Whip              |       |    14 ||    14
 Cast: Foxfire           |    47 |    61 ||   108
  Use: Scroll            |     1 |     6 ||     7
Armor: Robe              |    13 |    22 ||    35
Dodge: Dodged            |    14 |    41 ||    55
